AoeStats
← davud

Arena

504005575Analyzed
1v1 RM · 1mo ago on Sep 3, 2026· 37m 50s· 2 players
Game mode
Random Map
Map size
Tiny (2 player)
Population
200
Speed
Normal
Resources
Standard
Victory
Conquest
Starting age
Dark Age
Ending age
Imperial Age
RankedLock teamsTeams togetherTeam positionsShared explorationLock speedFull tech treeHidden civsTurbo modeCheats
Victory
Defeat
🇮🇹 Teutons · Italy
917
+16
🇨🇿 Spanish · Czechia
907
-16
davud
11:16 Feudal Age
16:36 Castle Age
15:12 Double-Bit Axe
17:42 Bow Saw
18:08 Padded Archer Armor
_King_N00b_
7:33 Loom
10:23 Feudal Age
16:22 Castle Age
14:15 Double-Bit Axe
15:58 Horse Collar
22:23 Fletching
27:58 Ironclad
29:47 Bodkin Arrow
Connection lost

Rejoining the realm…

Still unreachable

The connection could not be restored.

Session expired

The server has moved on; the page needs a fresh start.